 Dungeon Crawl Stone Soup version 0.13-a0-3073-ga7cf4ae (webtiles) character file.

261 Malachi the Magician (level 4, -2/28 HPs)
             Began as a Mummy Wizard on Sept 16, 2013.
             Slain by a gnoll
             ... wielding a +0,+2 whip
              (3 damage)
             ... on Level 4 of the Dungeon.
             The game lasted 00:06:26 (6161 turns).

Malachi the Magician (Mummy Wizard)                 Turns: 6161, Time: 00:06:27

HP  -2/28        AC  2     Str 10      XL: 4   Next: 87%
MP   3/12        EV 12     Int 18      God:
Gold 133         SH  0     Dex 10      Spells:  3 memorised,  6 levels left

Res.Fire  : x . .   See Invis. : .   l - +0,+1 orc flail
Res.Cold  : + . .   Warding    : .   a - +0 robe
Life Prot.: + + +   Conserve   : .   (no shield)
Res.Poison: +       Res.Corr.  : .   b - +0 wizard hat
Res.Elec. : .       Clarity    : .   (no cloak)
Sust.Abil.: . .     Spirit.Shd : .   (no gloves)
Res.Mut.  : .       Stasis     : .   (no boots)
Res.Rott. : +       Flight     : .   (no amulet)
Saprovore : . . .                    (no ring)
                                     (no ring)

@: confused, very slightly contaminated, glowing, slightly resistant to hostile
enchantments, extremely unstealthy
A: no food or potions, fire vulnerability, restore body, cold resistance 1, life
protection 3, poison resistance, torment resistance, unbreathing
a: no special abilities


You were on level 4 of the Dungeon.
You were not hungry.

You visited 1 branch of the dungeon, and saw 4 of its levels.

You collected 113 gold pieces.

Inventory:

Hand weapons
 l - a +0,+1 orcish flail (weapon)
Missiles
 d - 2 darts (quivered)
 j - 22 poisoned needles
Armour
 a - a +0 robe (worn)
 b - a +0 wizard hat (worn)
Scrolls
 f - a scroll of magic mapping {unknown}
 g - 2 scrolls of identify {unknown}
 h - a scroll of blinking {unknown}
 i - a scroll of teleportation {unknown}
 k - a scroll of enchant weapon I {unknown}
 m - 2 scrolls of remove curse {unknown}
 o - a scroll of enchant weapon II {unknown}
Jewellery
 e - an uncursed ring of see invisible {unknown}
 n - a +4 ring of protection {unknown}
Books
 c - a book of Minor Magic

   Spells                             Type                      Level
   *Magic Dart                        Conjuration                  1
   Blink                              Translocation                2
   *Call Imp                          Summoning                    2
   *Repel Missiles                    Charms/Air                   2
   Slow                               Hexes                        2
   Conjure Flame                      Conjuration/Fire             3
   Mephitic Cloud                     Conjuration/Poison/Air       3


   Skills:
 - Level 1.5 Dodging
 - Level 1.5 Stealth
 * Level 4.4 Spellcasting
 * Level 2.4 Conjurations
 + Level 1.0 Summonings
   Level 0.7 Translocations


You had 6 spell levels left.
You knew the following spells:

 Your Spells              Type           Power        Failure   Level  Hunger
a - Magic Dart            Conj           ##..         6%          1    N/A
b - Call Imp              Summ           #.........   14%         2    N/A
c - Repel Missiles        Chrm/Air       #.........   21%         2    N/A

Dungeon Overview and Level Annotations

Branches:
Dungeon (4/27)
 Temple: D:4-7

Altars:
Cheibriados
Elyvilon

Annotations:
D:4 Duskembrace's ghost, experienced SpEn


Innate Abilities, Weirdness & Mutations

You do not eat or drink.
Your flesh is vulnerable to fire.
Your flesh is cold resistant.
You are immune to negative energy.
Your system is resistant to poisons.
You are immune to unholy pain and torment.
You can survive without breathing.


Message History

Ouch! Duskembrace's ghost hits you. The gnoll hits you with a whip!
Something closely misses your crimson imp.
The gnoll hits you with a whip.
* * * LOW HITPOINT WARNING * * *
Duskembrace's ghost gestures at you while chanting.
You are more confused.
Unknown command.
You miss the gnoll.
Duskembrace's ghost casts a spell at you.
You resist. The gnoll hits you with a whip.
* * * LOW HITPOINT WARNING * * *
Your white imp gestures at Duskembrace's ghost.
The puff of frost hits Duskembrace's ghost.
Duskembrace's ghost closely misses you. The gnoll barely misses you.
You're too confused!
You sock Duskembrace's ghost!
Duskembrace's ghost is heavily damaged.
Duskembrace's ghost hits you but does no damage.
The gnoll hits you with a whip.
You die...

########### ###### ..........
...... .........# #.....
.........@# #....$ ######.pg#
#..... #.5.# #.....
#.).###########.....
.##########.......5...........
..................5.g.)........
..............#...........#....
.............###.........###...
..............# #.........# ...


You could see a gnoll, Duskembrace's ghost and a friendly white imp.

Vanquished Creatures
  4 adders
  2 giant geckos
  An ooze (D:1)
  An orc (D:3)
  A ball python (D:3)
  13 goblins
  8 hobgoblins
  A kobold (D:1)
  A quokka (D:2)
  11 bats
  A giant cockroach (D:3)
  4 giant newts
  9 jackals
  14 rats
71 creatures vanquished.

Vanquished Creatures (collateral kills)
  Terence (D:3)
  2 gnolls (D:4)
3 creatures vanquished.

Vanquished Creatures (others)
  A crimson imp (D:4)
1 creature vanquished.

Grand Total: 75 creatures vanquished

Notes
Turn   | Place    | Note
--------------------------------------------------------------
     0 | D:1      | Malachi, the Mummy Wizard, began the quest for the Orb.
     0 | D:1      | Reached XP level 1. HP: 11/11 MP: 5/5
   245 | D:1      | Reached skill level 1 in Conjurations
   455 | D:1      | Reached XP level 2. HP: 17/17 MP: 2/7
  1388 | D:1      | Found a snail-covered altar of Cheibriados.
  1884 | D:1      | Reached XP level 3. HP: 12/22 MP: 0/9
  3271 | D:2      | Reached skill level 4 in Spellcasting
  4348 | D:2      | Learned a level 2 spell: Call Imp
  4351 | D:2      | Learned a level 2 spell: Repel Missiles
  4387 | D:2      | Reached XP level 4. HP: 28/28 MP: 9/12
  4602 | D:3      | Found a white marble altar of Elyvilon.
  5474 | D:3      | Noticed Terence
  5488 | D:3      | Killed Terence
  6006 | D:4      | Reached skill level 1 in Summonings
  6150 | D:4      | Noticed Duskembrace's ghost (experienced SpEn)
  6160 | D:4      | HP: 1/28 [gnoll/whip (5)]
  6161 | D:4      | Slain by a gnoll

Action                   |  1- 3 |  4- 6 || total
-------------------------+-------+-------++-------
Melee: Unarmed           |    13 |       ||    13
       Flail             |       |     3 ||     3
Throw: Dart              |     2 |       ||     2
 Cast: Magic Dart        |   149 |    47 ||   196
       Call Imp          |       |     9 ||     9
